[Event "ICC tourney 2552 (3 2)"]
[Site "Internet Chess Club"]
[Date "2021.05.07"]
[Round "7"]
[White "KONDABATHINI, NAMISH:K05-16992657"]
[Black "REEVE MENDES, AARON:K03-30164243"]
[Result "0-1"]
[ICCResult "White forfeits on time"]
[WhiteElo "1400"]
[BlackElo "1400"]
[Opening "QGD semi-Slav"]
[ECO "D43"]
[NIC "SL.03"]
[Time "20:29:29"]
[PlyCount "58"]
[TimeControl "180+2"]

1. d4 d5 2. c4 c6 3. Nc3 Nf6 4. Nf3 e6 5. Bf4 Bd6 6. Bxd6 Qxd6 7. c5 Qc7 8.
e3 Nbd7 9. Bd3 e5 10. dxe5 Nxe5 11. Nxe5 Qxe5 12. O-O Ng4 13. g3 O-O 14.
Be2 Nf6 15. Rc1 Bh3 16. Re1 Rad8 17. Qb3 Rd7 18. Bf1 Qh5 19. Bg2 Ng4 20. f3
Bxg2 21. fxg4 Qh3 22. Re2 Bf3 23. Rf2 Bxg4 24. e4 d4 25. Ne2 d3 26. Nf4 Qh6
27. Rd2 Rfd8 28. Rc3 Be2 29. Kf2 Re8 { White forfeits on time } 0-1

[Event "ICC tourney 2552 (3 2)"]
[Site "Internet Chess Club"]
[Date "2021.05.07"]
[Round "7"]
[White "ZHONG, EVAN:K01-30064302"]
[Black "HOJA, SABRINA:K05-16995856"]
[Result "1-0"]
[ICCResult "Black checkmated"]
[WhiteElo "1400"]
[BlackElo "1400"]
[Opening "Giuoco Piano"]
[ECO "C50"]
[NIC "IG.02"]
[Time "20:29:35"]
[PlyCount "119"]
[TimeControl "180+2"]

1. e4 e5 2. Nf3 Nc6 3. Bc4 Bc5 4. O-O Nf6 5. d3 h6 6. Be3 Bb6 7. Nc3 d6 8.
Qd2 Bg4 9. Qe2 Nd4 10. Bxd4 exd4 11. Nd5 c6 12. Nxb6 axb6 13. h3 Bh5 14. g4
Bg6 15. Nh4 b5 16. Bb3 Bh7 17. f4 g5 18. Ng2 gxf4 19. Nxf4 Rg8 20. Qf2 Rg7
21. Nh5 Nxh5 22. Bxf7+ Kd7 23. Bxh5 Qe7 24. Qxd4 Bg6 25. Bxg6 Rxg6 26. Rf4
Rag8 27. Raf1 R8g7 28. e5 h5 29. exd6 Rxd6 30. Qxg7 Qxg7 31. Rf7+ Qxf7 32.
Rxf7+ Ke6 33. Rh7 hxg4 34. Rh6+ Ke7 35. Rxd6 Kxd6 36. hxg4 Ke6 37. Kf2 Kf6
38. Kf3 Kg5 39. b4 Kg6 40. Kf4 Kf6 41. d4 Kg6 42. g5 Kg7 43. Kf5 Kf7 44.
g6+ Kg7 45. Kg5 Kg8 46. Kf6 Kf8 47. g7+ Kg8 48. Kg6 b6 49. Kh6 c5 50. dxc5
bxc5 51. bxc5 b4 52. c6 b3 53. axb3 Kf7 54. Kh7 Ke6 55. g8=Q+ Kd6 56. Qc8
Kc5 57. c7 Kc6 58. Qd8 Kb7 59. c8=Q+ Ka7 60. Qdc7# { Black checkmated } 1-0

[Event "ICC tourney 2552 (3 2)"]
[Site "Internet Chess Club"]
[Date "2021.05.07"]
[Round "7"]
[White "ZISHUN CHEN, ALAN:K03-17350156"]
[Black "FORESTAL, LUC ANDRA:K05-16346012"]
[Result "1-0"]
[ICCResult "Black checkmated"]
[WhiteElo "1517"]
[BlackElo "1400"]
[Opening "King's pawn game"]
[ECO "C50"]
[NIC "IG.03"]
[Time "20:29:33"]
[PlyCount "127"]
[TimeControl "180+2"]

1. e4 e5 2. Nf3 Nc6 3. Bc4 d6 4. d3 Bg4 5. Nc3 Bxf3 6. Qxf3 Nf6 7. Nd5 Nxd5
8. Bxd5 Qe7 9. Be3 g6 10. h4 Bg7 11. Bg5 Qd7 12. h5 f6 13. Bxf6 Bxf6 14.
Qxf6 Rf8 15. Qg5 gxh5 16. Qxh5+ Rf7 17. Bxf7+ Qxf7 18. Qxf7+ Kxf7 19. Rxh7+
Ke6 20. Rxc7 Rg8 21. Rxb7 Rxg2 22. O-O-O Nd4 23. c3 Ne2+ 24. Kd2 Rxf2 25.
Ke3 Rh2 26. d4 exd4+ 27. cxd4 Ng3 28. d5+ Ke5 29. Kf3 Nh5 30. Rf1 Rh3+ 31.
Ke2 Ng3+ 32. Kf2 Nxf1 33. Kxf1 Rf3+ 34. Ke2 Rf6 35. Rxa7 Kxe4 36. Ra5 Rf8
37. b4 Rb8 38. a3 Kd4 39. Kd2 Rb6 40. Kc2 Kc4 41. Kb2 Rb7 42. Ra6 Kxd5 43.
Kc3 Rc7+ 44. Kd3 Ke5 45. Ra5+ d5 46. Ra8 Rc4 47. Re8+ Kd6 48. Rd8+ Ke5 49.
Rg8 Rd4+ 50. Kc3 Ke4 51. Rg4+ Ke5 52. Rxd4 Kd6 53. a4 Kc6 54. a5 Kb5 55.
Rxd5+ Ka6 56. Kb3 Kb7 57. b5 Ka7 58. Kb4 Kb7 59. Rd7+ Kb8 60. Rh7 Ka8 61.
Kc5 Kb8 62. Kc6 Ka8 63. Kb6 Kb8 64. Rh8# { Black checkmated } 1-0

[Event "ICC tourney 2552 (3 2)"]
[Site "Internet Chess Club"]
[Date "2021.05.07"]
[Round "7"]
[White "POLICELLI, CYRUS:K05-16341942"]
[Black "DEEPAK GOWDA, DHRUV:K01-30155284"]
[Result "1-0"]
[ICCResult "Black forfeits on time"]
[WhiteElo "1261"]
[BlackElo "1400"]
[Opening "King's pawn game"]
[ECO "C50"]
[NIC "IG.03"]
[Time "20:31:08"]
[PlyCount "39"]
[TimeControl "180+2"]

1. e4 e5 2. Nf3 Nc6 3. Bc4 Nd4 4. Nxd4 exd4 5. Qf3 Nf6 6. e5 d5 7. exf6
dxc4 8. fxg7 Bxg7 9. Qe4+ Kf8 10. b3 b5 11. Ba3+ Kg8 12. c3 Ba6 13. bxc4
bxc4 14. Bb2 d3 15. O-O Rb8 16. Ba3 Qd7 17. Bc5 Re8 18. Qf3 c6 19. Na3 Bb7
20. Rfe1 { Black forfeits on time } 1-0

[Event "ICC tourney 2552 (3 2)"]
[Site "Internet Chess Club"]
[Date "2021.05.07"]
[Round "7"]
[White "MAMCHIK, DANNY:K06-16671746"]
[Black "KRISHNAN, SHREYANK:K05-16258876"]
[Result "1/2-1/2"]
[ICCResult "Game drawn by repetition"]
[WhiteElo "1400"]
[BlackElo "1400"]
[Opening "Ruy Lopez: exchange, Gligoric variation"]
[ECO "C69"]
[NIC "RL.08"]
[Time "20:29:32"]
[PlyCount "94"]
[TimeControl "180+2"]

1. e4 e5 2. Nf3 Nc6 3. Bb5 a6 4. Bxc6 dxc6 5. O-O f6 6. h3 Bc5 7. Nc3 Ne7
8. d3 Ng6 9. Be3 Bxe3 10. fxe3 O-O 11. d4 exd4 12. exd4 Nf4 13. Qd2 Ng6 14.
e5 fxe5 15. dxe5 Qxd2 16. Nxd2 Rxf1+ 17. Rxf1 Nxe5 18. Re1 Ng6 19. Nf3 Bf5
20. Re2 Nf4 21. Rd2 Re8 22. Ng5 h6 23. Nf3 Rf8 24. Rd4 Bxc2 25. Rd2 Bf5 26.
Nh4 Be6 27. Ne4 Bd5 28. Nc5 Ne6 29. Nxe6 Bxe6 30. b3 Re8 31. Re2 Kf7 32.
Rf2+ Kg8 33. Re2 Kf7 34. g4 g5 35. Rf2+ Kg8 36. Ng6 Kg7 37. Ne5 Bd5 38. Nd3
Be4 39. Nc5 Bd5 40. Nxb7 Re1+ 41. Kh2 Rh1+ 42. Kg3 Rg1+ 43. Kh2 Rh1+ 44.
Kg3 Rg1+ 45. Kh2 Rh1+ 46. Kg3 Rg1+ 47. Kh2 Rh1+ { Game drawn by repetition
} 1/2-1/2

[Event "ICC tourney 2552 (3 2)"]
[Site "Internet Chess Club"]
[Date "2021.05.07"]
[Round "7"]
[White "MANAV, RAYHAN:K06-30167023"]
[Black "STAMOS, BEAU:K03-16797340"]
[Result "0-1"]
[ICCResult "White forfeits on time"]
[WhiteElo "1400"]
[BlackElo "1454"]
[Opening "Queen's pawn, Mason variation"]
[ECO "D00"]
[NIC "QP.08"]
[Time "20:31:47"]
[PlyCount "44"]
[TimeControl "180+2"]

1. d4 d5 2. Bf4 Nf6 3. Nc3 Bf5 4. Nf3 Nc6 5. Nb5 a6 6. Nxc7+ Kd7 7. Nxa8
Qxa8 8. Nd2 e6 9. Nb3 Bd6 10. c3 Bxf4 11. e3 Bg5 12. f4 Bh6 13. Be2 Ne7 14.
Nc5+ Kd6 15. Nb3 Qa7 16. Rc1 Rc8 17. Rf1 g6 18. Rf3 Be4 19. Rf1 Bxg2 20.
Rf2 Be4 21. Na5 Qb6 22. Nb3 Nf5 { White forfeits on time } 0-1

[Event "ICC tourney 2552 (3 2)"]
[Site "Internet Chess Club"]
[Date "2021.05.07"]
[Round "7"]
[White "RAHUL PAREKH, KANAK:K03-16747551"]
[Black "BANG, ADITYA:K05-16841804"]
[Result "0-1"]
[ICCResult "White checkmated"]
[WhiteElo "1400"]
[BlackElo "1400"]
[Opening "French: advance, Paulsen attack"]
[ECO "C02"]
[NIC "FR.03"]
[Time "20:29:56"]
[PlyCount "108"]
[TimeControl "180+2"]

1. e4 e6 2. d4 d5 3. e5 c5 4. c3 Nc6 5. Nf3 cxd4 6. cxd4 Nge7 7. Bb5 Qa5+
8. Nc3 Nf5 9. Bxc6+ bxc6 10. O-O Ba6 11. Re1 Bb4 12. Bd2 O-O 13. a3 Bxc3
14. Bxc3 Qb5 15. Bb4 Rfc8 16. Rc1 Qd3 17. Qxd3 Bxd3 18. Red1 Be2 19. Rd2
Bxf3 20. gxf3 Nh4 21. Rd3 a5 22. Bd6 Ra7 23. Kf1 Rb7 24. Rc2 Nf5 25. Rdc3
h6 26. Rxc6 Rxc6 27. Rxc6 Nxd4 28. Rc2 Nxc2 29. Ke2 Rxb2 30. Kd3 Ne1+ 31.
Ke3 Ng2+ 32. Kd4 Rc2 33. Bc5 Rc4+ 34. Kd3 Rxc5 35. Kd4 Rc4+ 36. Kd3 Nf4+
37. Ke3 Ng6 38. Kd3 Nxe5+ 39. Ke3 Rc3+ 40. Kd4 Rxf3 41. Kxe5 Rb3 42. Kd4
Rxa3 43. Ke5 Rf3 44. Kd4 Rxf2 45. Ke3 Rxh2 46. Kd4 a4 47. Kc3 a3 48. Kb3 a2
49. Kc3 a1=Q+ 50. Kb4 Rb2+ 51. Kc5 Qa5+ 52. Kd6 Qc3 53. Ke7 Rb7+ 54. Kd6
Qc7# { White checkmated } 0-1

[Event "ICC tourney 2552 (3 2)"]
[Site "Internet Chess Club"]
[Date "2021.05.07"]
[Round "7"]
[White "SINGHAL, MEENAKSHI:K05-16551160"]
[Black "DENG, CALEB:K01-30029985"]
[Result "0-1"]
[ICCResult "White checkmated"]
[WhiteElo "1400"]
[BlackElo "1400"]
[Opening "Giuoco Pianissimo"]
[ECO "C50"]
[NIC "IG.02"]
[Time "20:30:10"]
[PlyCount "92"]
[TimeControl "180+2"]

1. e4 e5 2. Nf3 Nc6 3. Bc4 Bc5 4. d3 h6 5. Nc3 Nf6 6. O-O d6 7. Nh4 O-O 8.
h3 a6 9. Qf3 b5 10. Bb3 Be6 11. Bxe6 fxe6 12. Qg3 Kh7 13. Qg6+ Kh8 14. Bxh6
gxh6 15. Qxh6+ Nh7 16. Nd5 exd5 17. Nf5 Qf6 18. Qh5 dxe4 19. dxe4 Nd4 20.
b4 Bb6 21. c3 Nxf5 22. Qxf5 Qxf5 23. exf5 Rxf5 24. Rad1 Raf8 25. Rd2 Rg8
26. a3 Ng5 27. Kh2 Rff8 28. h4 Ne4 29. Re2 Nxc3 30. Rc2 Ne4 31. Re2 Nxf2
32. Rfxf2 Bxf2 33. Rxf2 Rxf2 34. Kg1 Rgxg2+ 35. Kh1 Rh2+ 36. Kg1 Kg7 37. h5
Re2 38. h6+ Kxh6 39. a4 Kg5 40. axb5 axb5 41. Kf1 c5 42. bxc5 dxc5 43. Kg1
c4 44. Kf1 c3 45. Kg1 c2 46. Kf1 c1=Q# { White checkmated } 0-1

[Event "ICC tourney 2552 (3 2)"]
[Site "Internet Chess Club"]
[Date "2021.05.07"]
[Round "7"]
[White "MCKEE, IAN:K01-17270194"]
[Black "ROY, AYUSH:K05-16710940"]
[Result "1-0"]
[ICCResult "Black forfeits on time"]
[WhiteElo "1400"]
[BlackElo "1400"]
[Opening "Sicilian: closed, 2...Nc6"]
[ECO "B23"]
[NIC "SI.44"]
[Time "20:30:10"]
[PlyCount "53"]
[TimeControl "180+2"]

1. e4 c5 2. Nc3 Nc6 3. Bc4 e6 4. Nf3 d6 5. d3 Nf6 6. O-O Be7 7. h3 a6 8.
Bg5 h6 9. Bxf6 Bxf6 10. Re1 O-O 11. Nh2 b5 12. Bb3 Bb7 13. Qg4 Ne5 14. Qg3
Bh4 15. Qe3 Bg5 16. f4 Bh4 17. Rf1 Ng6 18. Nf3 Bf6 19. e5 dxe5 20. fxe5 Be7
21. Nd2 Rc8 22. Rf3 Bxf3 23. Nxf3 c4 24. dxc4 Bc5 25. Qxc5 Rxc5 26. cxb5
axb5 27. Ne4 { Black forfeits on time } 1-0

[Event "ICC tourney 2552 (3 2)"]
[Site "Internet Chess Club"]
[Date "2021.05.07"]
[Round "7"]
[White "INDRAKANTI, SAMVIK:K03-16771001"]
[Black "CHEN, SHUANG:K03-30071645"]
[Result "0-1"]
[ICCResult "White checkmated"]
[WhiteElo "1064"]
[BlackElo "1400"]
[Opening "Scandinavian (center counter) defense"]
[ECO "B01"]
[NIC "SD.01"]
[Time "20:29:47"]
[PlyCount "80"]
[TimeControl "180+2"]

1. e4 d5 2. exd5 Qxd5 3. Nc3 Qa5 4. Nf3 Nf6 5. a3 Bg4 6. b4 Qb6 7. d3 c6 8.
Be3 Qc7 9. h3 Bh5 10. g4 Bg6 11. h4 h6 12. h5 Bh7 13. g5 hxg5 14. Nxg5 Bf5
15. Qf3 Be6 16. Nxe6 fxe6 17. b5 cxb5 18. Nxb5 Qa5+ 19. Nc3 Qxc3+ 20. Bd2
Qxa1+ 21. Qd1 Qxd1+ 22. Kxd1 Rxh5 23. Rxh5 Nxh5 24. Be2 Nf6 25. d4 Nc6 26.
Bb5 O-O-O 27. Bxc6 bxc6 28. Ba5 Rxd4+ 29. Ke2 Ra4 30. Bc3 Rxa3 31. Bxf6
exf6 32. c4 Rh3 33. f3 a5 34. Kd3 a4 35. Kc3 a3 36. Kb3 Rxf3+ 37. Ka4 a2
38. Ka5 a1=Q+ 39. Kb6 Rb3+ 40. Kxc6 Qa6# { White checkmated } 0-1

[Event "ICC tourney 2552 (3 2)"]
[Site "Internet Chess Club"]
[Date "2021.05.07"]
[Round "7"]
[White "RAMOS, ENEKO:K03-17254277"]
[Black "LOVE, ANDREAS:K01-30154512"]
[Result "0-1"]
[ICCResult "White forfeits on time"]
[WhiteElo "1400"]
[BlackElo "1139"]
[Opening "Queen's pawn: Chigorin variation"]
[ECO "D00"]
[NIC "QP.08"]
[Time "20:31:24"]
[PlyCount "36"]
[TimeControl "180+2"]

1. d4 d5 2. Nc3 Nf6 3. Bf4 e6 4. e3 Bd6 5. Bxd6 Qxd6 6. Nb5 Qe7 7. a3 a6 8.
Nc3 Ne4 9. Nxe4 dxe4 10. b4 O-O 11. b5 axb5 12. Bxb5 Rd8 13. Qg4 e5 14.
dxe5 Bxg4 15. h3 Bd7 16. Ne2 Bxb5 17. Ng3 Qxe5 18. Rb1 Bc6 { White forfeits
on time } 0-1

[Event "ICC tourney 2552 (3 2)"]
[Site "Internet Chess Club"]
[Date "2021.05.07"]
[Round "7"]
[White "SOMARAM, AKANKSHA:K05-17045572"]
[Black "BHATT, DEV:K05-16675618"]
[Result "0-1"]
[ICCResult "White forfeits on time"]
[WhiteElo "1400"]
[BlackElo "1520"]
[Opening "Four knights: Italian variation"]
[ECO "C47"]
[NIC "KP.06"]
[Time "20:30:10"]
[PlyCount "70"]
[TimeControl "180+2"]

1. e4 e5 2. Nf3 Nc6 3. Nc3 Nf6 4. Bc4 Nxe4 5. Qe2 Nxc3 6. dxc3 d6 7. O-O
Be7 8. Be3 Bg4 9. Rad1 Qd7 10. Bxf7+ Kxf7 11. Qc4+ Ke8 12. Qe4 Bf5 13. Qd5
Qe6 14. Qb5 Rb8 15. Bxa7 Rd8 16. Be3 Qg6 17. g3 Bg4 18. Nh4 Qh5 19. Ng2
Bxd1 20. Rxd1 Qxd1+ 21. Qf1 Qxc2 22. Ne1 Qxb2 23. h4 Qxc3 24. Qh3 Rf8 25.
Qg4 Rf7 26. Qh5 Qxe1+ 27. Kg2 Qe2 28. Qxh7 Qc4 29. Qg8+ Rf8 30. Qxg7 Qd5+
31. Kh3 Qe6+ 32. g4 Bxh4 33. Kxh4 Qe7+ 34. Kh5 Qxg7 35. g5 Rh8+ { White
forfeits on time } 0-1

[Event "ICC tourney 2552 (3 2)"]
[Site "Internet Chess Club"]
[Date "2021.05.07"]
[Round "7"]
[White "SHARMA, SUNEET:K05-16802074"]
[Black "KHISHIGSUREN, ENKHBILGUUN:K01-30069838"]
[Result "0-1"]
[ICCResult "White checkmated"]
[WhiteElo "1400"]
[BlackElo "1400"]
[Opening "King's pawn game"]
[ECO "C50"]
[NIC "IG.03"]
[Time "20:29:44"]
[PlyCount "92"]
[TimeControl "180+2"]

1. e4 e5 2. Nf3 Nc6 3. Bc4 h6 4. Nc3 Nf6 5. d4 exd4 6. Nxd4 Nxd4 7. Qxd4 c5
8. Qd1 d6 9. h3 Be7 10. Be3 O-O 11. O-O Bd7 12. Nd5 Nxd5 13. Qxd5 Be6 14.
Qd3 Bxc4 15. Qxc4 Rb8 16. Rfe1 b5 17. Qd3 c4 18. Qe2 Qc7 19. Bf4 Rfd8 20.
e5 Qd7 21. exd6 Bxd6 22. Bxd6 Qxd6 23. Rad1 Qc7 24. Rxd8+ Rxd8 25. Rd1 Rc8
26. Qe3 Qc5 27. Qxc5 Rxc5 28. Rd8+ Kh7 29. Rd7 a5 30. Rxf7 b4 31. Rf4 a4
32. Kh2 b3 33. cxb3 a3 34. bxa3 c3 35. Rc4 Rxc4 36. bxc4 c2 37. c5 c1=Q 38.
c6 Qxc6 39. a4 Qxa4 40. f3 Qxa2 41. Kg3 Qc4 42. h4 g6 43. f4 Kg7 44. Kg4
h5+ 45. Kg5 Qd5+ 46. f5 Qxf5# { White checkmated } 0-1

[Event "ICC tourney 2552 (3 2)"]
[Site "Internet Chess Club"]
[Date "2021.05.07"]
[Round "7"]
[White "S JANIS, MAXTON:K05-30158505"]
[Black "MUKHERJEE, SATHVIK:K03-30065329"]
[Result "1-0"]
[ICCResult "Black checkmated"]
[WhiteElo "1147"]
[BlackElo "1400"]
[Opening "Bishop's opening"]
[ECO "C23"]
[NIC "IG.04"]
[Time "20:29:47"]
[PlyCount "125"]
[TimeControl "180+2"]

1. e4 e5 2. Bc4 Nc6 3. Qh5 g6 4. Qf3 Nf6 5. Qd1 Bc5 6. Nf3 Bf8 7. Nc3 h6 8.
d4 exd4 9. Nxd4 Nxd4 10. Qxd4 d6 11. e5 dxe5 12. Qxe5+ Qe7 13. Qxe7+ Bxe7
14. O-O O-O 15. Re1 Re8 16. Ne4 Nxe4 17. Rxe4 Bf5 18. Re1 Bb4 19. Rxe8+
Rxe8 20. h3 Bxc2 21. Bxh6 Bf5 22. a3 Bd6 23. g3 b6 24. Bb5 Re6 25. Bd7 Re5
26. Bxf5 Rxf5 27. Re1 Re5 28. Rxe5 Bxe5 29. Bf4 Bxf4 30. gxf4 Kg7 31. Kg2
Kf6 32. Kf3 Kf5 33. Ke3 c5 34. Kd3 b5 35. b4 cxb4 36. axb4 Ke6 37. Kd4 Kd7
38. Kc5 a6 39. Kb6 Kd6 40. Kxa6 Kd5 41. Kxb5 Kd4 42. Ka6 Kc4 43. b5 Kc5 44.
b6 Kc6 45. Ka7 f5 46. b7 Kd6 47. b8=Q+ Ke6 48. Qe5+ Kf7 49. Kb7 Kf8 50.
Qf6+ Kg8 51. Qxg6+ Kh8 52. Qh6+ Kg8 53. Qc6 Kh8 54. Kc7 Kg7 55. Qc3+ Kg6
56. Qg3+ Kf6 57. h4 Ke6 58. h5 Kd5 59. h6 Ke4 60. h7 Kd5 61. h8=Q Ke4 62.
Qe3+ Kd5 63. Qhd4# { Black checkmated } 1-0

[Event "ICC tourney 2552 (3 2)"]
[Site "Internet Chess Club"]
[Date "2021.05.07"]
[Round "7"]
[White "TURAEV, MALIK:K03-30017655"]
[Black "RODIC, ELLIOT:K05-16510635"]
[Result "1-0"]
[ICCResult "Black checkmated"]
[WhiteElo "1400"]
[BlackElo "1400"]
[Opening "Queen's pawn: Chigorin variation"]
[ECO "D00"]
[NIC "QP.08"]
[Time "20:29:32"]
[PlyCount "87"]
[TimeControl "180+2"]

1. d4 d5 2. Nc3 Nf6 3. Bf4 Bf5 4. f3 e6 5. g4 Bg6 6. h4 h6 7. h5 Bh7 8. e3
Bd6 9. Bd3 Bxd3 10. Qxd3 Bxf4 11. exf4 Nc6 12. Qb5 Rb8 13. O-O-O a6 14. Qe2
b5 15. f5 O-O 16. fxe6 fxe6 17. Qxe6+ Kh8 18. Qxc6 b4 19. Na4 Nd7 20. Nc5
Qg5+ 21. Kb1 Nxc5 22. dxc5 a5 23. Rxd5 Qe3 24. Rd1 b3 25. axb3 a4 26. bxa4
Qc3 27. b3 Rfd8 28. Rxd8+ Rxd8 29. Ne2 Qd2 30. Qxc7 Re8 31. Nf4 Rf8 32.
Ng6+ Kg8 33. Nxf8 Kxf8 34. Qc8+ Kf7 35. Qf5+ Kg8 36. c6 Qd6 37. Qd7 Qg3 38.
c7 Qxc7 39. Qxc7 Kh7 40. Qe5 Kg8 41. Qe8+ Kh7 42. Qg6+ Kg8 43. Re1 Kf8 44.
Re8# { Black checkmated } 1-0

[Event "ICC tourney 2552 (3 2)"]
[Site "Internet Chess Club"]
[Date "2021.05.07"]
[Round "7"]
[White "S MORGAN, LAKSHMI:K05-16867525"]
[Black "SINGH, JIYAN:K03-16360523"]
[Result "1-0"]
[ICCResult "Black forfeits on time"]
[WhiteElo "1400"]
[BlackElo "1400"]
[Opening "Evans gambit"]
[ECO "C51"]
[NIC "IG.05"]
[Time "20:30:10"]
[PlyCount "57"]
[TimeControl "180+2"]

1. e4 e5 2. Nf3 Nc6 3. Bc4 Bc5 4. b4 Bxb4 5. c3 Bc5 6. d4 exd4 7. O-O dxc3
8. Qb3 d5 9. Bxd5 Be6 10. Bxe6 fxe6 11. Qxe6+ Qe7 12. Qxe7+ Ngxe7 13. Nxc3
Bb4 14. Bb2 O-O-O 15. Rad1 Ng6 16. a3 Ba5 17. Nd5 Bb6 18. Bxg7 Rhg8 19. Bb2
Bc5 20. Nf6 Rxd1 21. Rxd1 Rd8 22. Rc1 Nf4 23. Re1 Rd6 24. e5 Re6 25. g3 Nd3
26. Re2 Nxb2 27. Rxb2 Nxe5 28. Nxe5 Rxe5 29. Rb3 { Black forfeits on time }
1-0

[Event "ICC tourney 2552 (3 2)"]
[Site "Internet Chess Club"]
[Date "2021.05.07"]
[Round "7"]
[White "HU, ETHAN:K01-30094787"]
[Black "YU, ZIRAN:K05-30074850"]
[Result "0-1"]
[ICCResult "White checkmated"]
[WhiteElo "1400"]
[BlackElo "1400"]
[Opening "Giuoco Piano: four knights variation"]
[ECO "C50"]
[NIC "IG.02"]
[Time "20:30:10"]
[PlyCount "136"]
[TimeControl "180+2"]

1. e4 e5 2. Nf3 Nc6 3. Bc4 Bc5 4. Nc3 Nf6 5. O-O O-O 6. h3 d6 7. d3 h6 8.
Be3 Bb6 9. Bxb6 axb6 10. Re1 Bd7 11. Qd2 Nd4 12. Nxd4 exd4 13. Nd5 c6 14.
Nxf6+ Qxf6 15. c3 c5 16. cxd4 Qxd4 17. Qc3 Qxc3 18. bxc3 b5 19. Bb3 Rfe8
20. Re3 Be6 21. Bxe6 Rxe6 22. d4 c4 23. d5 Re5 24. f4 Re7 25. e5 f6 26.
Rae1 Rae8 27. Kf2 fxe5 28. fxe5 dxe5 29. Kf3 h5 30. d6 Rf7+ 31. Kg3 Rd7 32.
Rxe5 Rxe5 33. Rxe5 Rxd6 34. Rxb5 Rd3+ 35. Kh2 Rxc3 36. Rxb7 Rc2 37. a4 Ra2
38. Rb8+ Kh7 39. Rb4 c3 40. Rc4 c2 41. a5 Kh6 42. a6 g6 43. a7 Rxa7 44.
Rxc2 Rf7 45. Kg1 h4 46. Rf2 Rxf2 47. Kxf2 Kg5 48. Kf3 Kf5 49. g3 g5 50. g4+
Ke5 51. Ke3 Kd5 52. Kf3 Kd4 53. Kf2 Ke4 54. Kg2 Ke3 55. Kf1 Kf3 56. Kg1 Kg3
57. Kh1 Kxh3 58. Kg1 Kxg4 59. Kg2 h3+ 60. Kh2 Kh4 61. Kg1 Kg3 62. Kh1 Kf2
63. Kh2 g4 64. Kh1 h2 65. Kxh2 g3+ 66. Kh1 g2+ 67. Kh2 g1=Q+ 68. Kh3 Qg3# {
White checkmated } 0-1

[Event "ICC tourney 2552 (3 2)"]
[Site "Internet Chess Club"]
[Date "2021.05.07"]
[Round "7"]
[White "DESAI, DHRITEE:K06-16336152"]
[Black "MURPHY ZEDLEWSKI, JACK:K01-30079933"]
[Result "1-0"]
[ICCResult "Black forfeits on time"]
[WhiteElo "1400"]
[BlackElo "1400"]
[Opening "Petrov: Damiano variation"]
[ECO "C42"]
[NIC "RG.03"]
[Time "20:29:54"]
[PlyCount "89"]
[TimeControl "180+2"]

1. e4 e5 2. Nf3 Nf6 3. Nxe5 Nxe4 4. Qe2 Qe7 5. Qxe4 d6 6. Qa4+ Bd7 7. Qd4
Qxe5+ 8. Qxe5+ dxe5 9. Be2 Bd6 10. O-O O-O 11. Nc3 Nc6 12. d3 Rac8 13. Bg5
h6 14. Bh4 Be6 15. a3 Nd4 16. Bd1 c5 17. Ne4 Rc6 18. c3 Nf5 19. Bg3 Nxg3
20. Nxg3 c4 21. Bc2 cxd3 22. Bxd3 a6 23. Be4 Rc4 24. Bxb7 a5 25. Rfd1 Rd8
26. Ba6 Rc6 27. Bb5 Rb6 28. Be2 Rxb2 29. Bf3 Rdb8 30. h3 R2b3 31. Rxd6 Rb1+
32. Rxb1 Rxb1+ 33. Kh2 Rb3 34. Be4 g6 35. Rd8+ Kg7 36. Bc2 Rxc3 37. Ba4
Rxa3 38. Bc6 a4 39. Ra8 Bb3 40. Ne4 Bc2 41. Nc5 Rc3 42. Ra5 a3 43. Ra6 Bb1
44. Bd5 Rxc5 45. Bb3 { Black forfeits on time } 1-0

[Event "ICC tourney 2552 (3 2)"]
[Site "Internet Chess Club"]
[Date "2021.05.07"]
[Round "7"]
[White "DEVARAJ, SHREYA:K05-16369648"]
[Black "HOJA, SAEED:K01-17050607"]
[Result "1-0"]
[ICCResult "Black forfeits on time"]
[WhiteElo "1400"]
[BlackElo "1400"]
[Opening "Queen's bishop game"]
[ECO "D02"]
[NIC "QP.08"]
[Time "20:29:38"]
[PlyCount "83"]
[TimeControl "180+2"]

1. d4 d5 2. Nf3 Nf6 3. Bf4 c5 4. c3 Nc6 5. e3 e6 6. Nbd2 c4 7. Be2 Be7 8.
O-O O-O 9. h3 h6 10. Bh2 a6 11. Qc2 b5 12. Rfe1 Bb7 13. Ne5 Nxe5 14. dxe5
Nd7 15. Nf3 a5 16. Nd4 b4 17. Rad1 Qb6 18. Kh1 Nc5 19. b3 cxb3 20. Nxb3
Nxb3 21. axb3 a4 22. bxa4 b3 23. Qb2 Rxa4 24. Rb1 Rb8 25. Qxb3 Qxb3 26.
Rxb3 Raa8 27. Rbb1 Bc6 28. Rxb8+ Rxb8 29. c4 dxc4 30. Bxc4 Bb5 31. Bxb5
Rxb5 32. Bg3 Bb4 33. Rb1 Kf8 34. f3 Rb6 35. Be1 Bc5 36. Rxb6 Bxb6 37. Bb4+
Ke8 38. e4 Kd7 39. Bf8 g6 40. Bxh6 Bd4 41. Bf4 Kc6 42. Kh2 { Black forfeits
on time } 1-0

[Event "ICC tourney 2552 (3 2)"]
[Site "Internet Chess Club"]
[Date "2021.05.07"]
[Round "7"]
[White "W ZHANG, ETHAN:K05-17088714"]
[Black "LIANG, JOEY:K03-17280755"]
[Result "0-1"]
[ICCResult "White resigns"]
[WhiteElo "1400"]
[BlackElo "1400"]
[Opening "Giuoco Piano"]
[ECO "C50"]
[NIC "IG.02"]
[Time "20:29:30"]
[PlyCount "114"]
[TimeControl "180+2"]

1. e4 e5 2. Nf3 Nc6 3. Bc4 Bc5 4. O-O Nf6 5. d3 d6 6. h3 Be6 7. Nbd2 Bxc4
8. Nxc4 O-O 9. Bg5 h6 10. Bxf6 Qxf6 11. c3 Rfe8 12. Ncd2 Rad8 13. Nb3 Bb6
14. d4 exd4 15. cxd4 Rxe4 16. d5 Ne5 17. Nxe5 Qxe5 18. Re1 Rxe1+ 19. Qxe1
Qxd5 20. Rd1 Qf5 21. Nd4 Bxd4 22. Rxd4 Qf6 23. Rc4 c6 24. Re4 Qxb2 25. Re8+
Rxe8 26. Qxe8+ Kh7 27. Qxf7 Qa1+ 28. Kh2 Qe5+ 29. Kg1 Qe1+ 30. Kh2 Qe5+ 31.
g3 Qf6 32. Qxf6 gxf6 33. Kg2 Kg6 34. Kf3 Kf5 35. g4+ Ke5 36. h4 c5 37. g5
fxg5 38. hxg5 hxg5 39. Kg4 c4 40. Kxg5 c3 41. f4+ Ke6 42. f5+ Kf7 43. f6 c2
44. Kf5 c1=Q 45. a4 Qc5+ 46. Kf4 Kxf6 47. Ke4 Qe5+ 48. Kd3 d5 49. a5 Qe4+
50. Kc3 Ke5 51. a6 Qc4+ 52. Kd2 Qxa6 53. Ke3 Qa3+ 54. Ke2 Ke4 55. Kd2 Qd3+
56. Ke1 Qc2 57. Kf1 Kf3 { White resigns } 0-1

[Event "ICC tourney 2552 (3 2)"]
[Site "Internet Chess Club"]
[Date "2021.05.07"]
[Round "7"]
[White "THIMMASAMUDRAM, SANDEEP:K05-16278356"]
[Black "LI, ALBERT:K01-30047481"]
[Result "0-1"]
[ICCResult "White forfeits on time"]
[WhiteElo "1400"]
[BlackElo "1400"]
[Opening "Four knights: Italian variation"]
[ECO "C55"]
[NIC "IG.01"]
[Time "20:30:10"]
[PlyCount "72"]
[TimeControl "180+2"]

1. e4 e5 2. Nf3 Nc6 3. Bc4 Nf6 4. Nc3 Nxe4 5. Bxf7+ Kxf7 6. Nxe4 d5 7.
Neg5+ Kg8 8. d3 h6 9. Nh3 Bg4 10. Bd2 e4 11. dxe4 dxe4 12. Nhg1 exf3 13.
Nxf3 Qe7+ 14. Be3 Ne5 15. Qe2 Nxf3+ 16. gxf3 Bf5 17. O-O-O Qf7 18. Kb1 Be6
19. a3 Qf5 20. Rhg1 b6 21. Bd4 Bd5 22. Qe3 Bxf3 23. Rd3 Be4 24. Rc3 c5 25.
Bxg7 Bxg7 26. Qg3 Qf7 27. Re3 Bd5 28. Ka1 Qf6 29. c3 Rd8 30. Ree1 Bc6 31.
Re3 b5 32. Qg4 b4 33. axb4 cxb4 34. Qc4+ Bd5 35. Qg4 bxc3 36. Rxc3 Rb8 {
White forfeits on time } 0-1